 Dungeon Crawl Stone Soup version 0.30-a0-377-g5cb311bc9f (webtiles) character file.

Game seed: 15124602990411522669

33 innerfire433 the Sneak (level 3, -1/29 HPs)
             Began as a Demonspawn Delver on Nov 27, 2022.
             Slain by an iguana (6 damage)
             ... on level 4 of the Dungeon.
             The game lasted 00:00:53 (233 turns).

innerfire433 the Sneak (Demonspawn Delver)           Turns: 233, Time: 00:00:54

Health: -1/29      AC: 11    Str: 14    XL:     3   Next: 12%
Magic:  3/3        EV: 12    Int: 11    God:
Gold:   38         SH:  0    Dex: 14    Spells: 2/2 levels left

rFire   . . .      SeeInvis .    i - +1 dagger (protect)
rCold   . . .      Faith    .    (no shield)
rNeg    . . .      Spirit   .    b - +0 leather armour
rPois   .          Reflect  .    (no helmet)
rElec   .          Harm     .    j - +0 cloak
rCorr   .          Rampage  .    (no gloves)
Will    .....                    (no boots)
Stlth   ++........               (no amulet)
HPRegen 0.24/turn                (no ring)
MPRegen 0.08/turn                (no ring)

@: under a protective aura
A: weakness stinger 1
a: no special abilities


You were on level 4 of the Dungeon.
You visited 1 branch of the dungeon, and saw 2 of its levels.

You collected 38 gold pieces.

Inventory:

Hand Weapons
 a - a +0 falchion
 i - a +1 dagger of protection (weapon)
Armour
 b - a +0 leather armour (worn)
 j - a +0 cloak (worn)
Wands
 g - a wand of digging (3)
Scrolls
 c - a scroll of fog
 d - a scroll of magic mapping
 e - a scroll of fear
 k - a scroll of noise {unknown}
Potions
 f - a potion of haste
 h - a potion of curing {unknown}


   Skills:
 + Level 3.3 Fighting
 * Level 1.5(2.0) Short Blades
 - Level 1.8(2.1) Long Blades
 + Level 2.2 Dodging
 - Level 4.5 Stealth


You had 2 spell levels left.
You didn't know any spells.
Your spell library was empty.

Dungeon Overview and Level Annotations

Branches:
Dungeon (5/15)
 Temple: D:4-7

Altars:


Innate Abilities, Weirdness & Mutations

You have a small tail.


Message History

The iguana hisses angrily.
You hear an angry hiss.
A ball python comes into view.
You hit the iguana.
Your weapon exudes an aura of protection.
You tail-slap the iguana.
The iguana is moderately wounded.
The iguana bites you.
You hit the iguana but do no damage.
You tail-slap the iguana, but do no damage.
The iguana is moderately wounded.
The iguana bites you!
You are too injured to fight recklessly!
You are too injured to fight recklessly!
You are too injured to fight recklessly!
You are too injured to fight recklessly!
Okay, then.
The iguana attacks as you move away! The iguana closely misses you.
You hit the iguana.
The iguana is heavily wounded.
The iguana barely misses you.
You hit the iguana but do no damage.
You tail-slap the iguana, but do no damage.
The iguana is heavily wounded.
You hit the iguana but do no damage.
The iguana is heavily wounded.
The iguana completely misses you.
You barely miss the iguana.
The iguana is heavily wounded.
The iguana bites you!
* * * LOW HITPOINT WARNING * * *
You hit the iguana but do no damage.
The iguana is heavily wounded.
The iguana bites you but does no damage.
You hit the iguana but do no damage.
The iguana is heavily wounded.
The iguana misses you.
You hit the iguana but do no damage. Your punch misses the iguana.
The iguana is heavily wounded.
The iguana bites you.
You die...

### ..## ...# ...
####.# #.@lS# #.####
######.##.#
#########....#....#
#.†.....#.##.####.#####
#.#####.#..[..†.......#
##.# #.####.####...(.#
...# #.##.....##.....#
#### #.##.######.....#


You could see an iguana and a ball python.

Vanquished Creatures
  A hound (D:4)
  A quokka (D:4)
  A ball python (D:4)
  2 goblins (D:4)
5 creatures vanquished.

Notes
Turn   | Place    | Note
-------+----------+-------------------------------------------
     0 | D:5      | innerfire433 the Demonspawn Delver began the quest for the
                  | Orb.
     0 | D:5      | Reached XP level 1. HP: 18/18 MP: 1/1
     3 | D:5      | Noticed an orc wizard
    78 | D:4      | Noticed a hound
   120 | D:4      | Killed a hound
   121 | D:4      | Reached skill level 1 in Short Blades
   121 | D:4      | Gained mutation: You have a small tail. [demonic ancestry]
   121 | D:4      | Reached XP level 2. HP: 8/24 MP: 2/2
   121 | D:4      | Reached XP level 3. HP: 10/29 MP: 3/3
   233 | D:4      | Slain by an iguana

Illustrated notes

Levels and vault maps discovered:
D:4:      layout_basic
D:5:      layout_loops_ring, mainiacjoe_overflow_big_doors,
          chequers_temple_overflow_statue_of_worship, minmay_temple_entry_ruins,
          kennysheep_minor_cross

Skill      XL: |  1 |
---------------+----+-----
Short Blades   | 1 |  1.5
Dodging        | 2 |  2.2
Fighting       | |  3.3
Long Blades    | |  1.8
Stealth        | |  4.5

Action                   || total
-------------------------++-------
Melee: Dagger            ||    40
       Falchion          ||     4
       Punch             ||     1
       Tailslap          ||     4
 Stab: Sleeping          ||     2
Armor: Leather armour    ||    26
Dodge: Dodged            ||    36

Table legend: (Time is in decaauts)
 A = Elapsed time spent in this place.
 B = Non-inter-level travel time spent in this place.
 C = Inter-level travel time spent in this place.
 D = Time resting spent in this place.
 E = Time spent auto-exploring this place.
 F = Levels seen in this place.
 G = Mean time per level.
                   A        B        C        D        E       F      G
               +--------+--------+--------+--------+--------+-----+--------+
         Total |    230 |    230 |      0 |      0 |    129 |   2 |  115.0 |
       Dungeon |    230 |    230 |      0 |      0 |    129 |   2 |  115.0 |
               +--------+--------+--------+--------+--------+-----+--------+

Top non-repeatable levels by time:
     D:4: 220 daAuts
     D:5: 10 daAuts
